% Time on Ice - SPOKANE KNIGHTS
Lines # - Real PCT - Wanted PCT - Time Play
Normal Forward
1 - 26% - 25% - 13:34
2 - 26% - 25% - 13:17
3 - 26% - 25% - 13:28
4 - 23% - 25% - 11:45
Normal Defense
1 - 35% - 30% - 18:19
2 - 32% - 30% - 16:41
3 - 16% - 20% - 8:19
4 - 17% - 20% - 8:45
PP Forward
1 - 61% - 55% - 1:13
2 - 39% - 45% - 0:46
PP Defense
1 - 61% - 55% - 1:13
2 - 39% - 45% - 0:46
PK Forward
1 - 63% - 55% - 3:44
2 - 37% - 45% - 2:13
PK Defense
1 - 51% - 55% - 3:03
2 - 49% - 45% - 2:54
PK3 Forward
1 - 0% - 55%
2 - 0% - 45%
PK3 Defense
1 - 0% - 55%
2 - 0% - 45%
44 Forward
1 - 0% - 55%
2 - 0% - 45%
44 Defense
1 - 0% - 55%
2 - 0% - 45%
Last Minute Offensive  - 0:00
Last Minute Defensive  - 0:00
Total
Forward - 60:00
Defense - 60:00
% Time on Ice - WINNIPEG BEAVERS
Lines # - Real PCT - Wanted PCT - Time Play
Normal Forward
1 - 32% - 36% - 16:45
2 - 30% - 34% - 15:46
3 - 26% - 24% - 13:18
4 - 12% - 6% - 6:15
Normal Defense
1 - 33% - 34% - 17:04
2 - 34% - 33% - 17:31
3 - 31% - 29% - 16:01
4 - 3% - 4% - 1:28
PP Forward
1 - 50% - 53% - 2:58
2 - 50% - 47% - 2:59
PP Defense
1 - 48% - 52% - 2:51
2 - 52% - 48% - 3:06
PK Forward
1 - 61% - 51% - 1:13
2 - 39% - 49% - 0:46
PK Defense
1 - 65% - 52% - 1:17
2 - 35% - 48% - 0:42
PK3 Forward
1 - 0% - 55%
2 - 0% - 45%
PK3 Defense
1 - 0% - 52%
2 - 0% - 48%
44 Forward
1 - 0% - 52%
2 - 0% - 48%
44 Defense
1 - 0% - 50%
2 - 0% - 50%
Last Minute Offensive  - 0:00
Last Minute Defensive  - 0:00
Total
Forward - 60:00
Defense - 60:00
Play-by-Play 1st period 0:01 of 1st period - Sam Bennett wins face-off versus Nicklas Backstrom in neutral zone. 0:07 of 1st period - Icing by Evan Bouchard. 0:08 of 1st period - Brayden Schenn wins face-off versus Nicklas Backstrom in SPOKANE KNIGHTS zone. 0:18 of 1st period - Brady Tkachuk is hit by John Carlson and loses puck. 0:25 of 1st period - Shot by Brayden Schenn. 0:25 of 1st period - Shot Misses the Net. 0:33 of 1st period - Shot by Brayden Schenn. 0:33 of 1st period - Stopped by Frederik Andersen without a rebound. 0:34 of 1st period - Sean Kuraly wins face-off versus Shane Pinto in SPOKANE KNIGHTS zone. 1:09 of 1st period - Icing by Carson Soucy. 1:10 of 1st period - Sean Kuraly wins face-off versus Quinton Byfield in WINNIPEG BEAVERS zone. 1:10 of 1st period - Sean Kuraly is hit by Quinton Byfield. 1:54 of 1st period - Shot by Alexander DeBrincat. 1:54 of 1st period - Shot Misses the Net. 1:56 of 1st period - Shot by Alexander DeBrincat. 1:56 of 1st period - Shot Blocked by Derrick Pouliot. 2:02 of 1st period - Shot by Alexander DeBrincat. 2:02 of 1st period - Stopped by Frederik Andersen without a rebound. 2:03 of 1st period - Brayden Schenn wins face-off versus Anthony Duclair in SPOKANE KNIGHTS zone. 2:51 of 1st period - Icing by John Carlson. 2:52 of 1st period - Brayden Schenn wins face-off versus Shane Pinto in WINNIPEG BEAVERS zone. 3:07 of 1st period - Off-side. 3:08 of 1st period - Sam Bennett wins face-off versus Nicklas Backstrom in neutral zone. 3:30 of 1st period - Icing by Brady Tkachuk. 3:31 of 1st period - Cal Clutterbuck wins face-off versus Nicklas Backstrom in SPOKANE KNIGHTS zone. 4:27 of 1st period - Shot by Jonathan Audy-Marchessault. 4:27 of 1st period - Stopped by Frederik Andersen without a rebound. 4:28 of 1st period - Sean Kuraly wins face-off versus Dryden Hunt in SPOKANE KNIGHTS zone. 4:33 of 1st period - Shot by Trevor Lewis. 4:33 of 1st period - Deflect By Matthew Nieto. 4:33 of 1st period - Shot Misses the Net. 4:51 of 1st period - Shot by Anthony Duclair. 4:51 of 1st period - Stopped by Ville Husso without a rebound. 4:52 of 1st period - Sam Bennett wins face-off versus Shane Pinto in WINNIPEG BEAVERS zone. 5:03 of 1st period - Shot by Jonathan Audy-Marchessault. 5:03 of 1st period - Stopped by Frederik Andersen without a rebound. 5:04 of 1st period - Brayden Schenn wins face-off versus Quinton Byfield in SPOKANE KNIGHTS zone. 5:45 of 1st period - Shot by Anthony Cirelli. 5:45 of 1st period - Stopped by Ville Husso without a rebound. 5:46 of 1st period - Shane Pinto wins face-off versus Sam Bennett in WINNIPEG BEAVERS zone. 5:54 of 1st period - Corey Perry is hit by Luke Schenn and loses puck. 5:57 of 1st period - Shot by Nathan Beaulieu. 5:57 of 1st period - Shot Blocked by Luke Schenn. 6:48 of 1st period - Shot by Adam Larsson. 6:48 of 1st period - Shot Misses the Net. 6:50 of 1st period - Shot by Trevor Lewis. 6:50 of 1st period - Stopped by Frederik Andersen with a rebound. 7:49 of 1st period - Shot by Brandon Tanev. 7:49 of 1st period - Goal by Brandon Tanev - SPOKANE KNIGHTS : 0 - WINNIPEG BEAVERS : 1. 7:50 of 1st period - Dylan Gambrell wins face-off versus Quinton Byfield in neutral zone. 8:06 of 1st period - Shot by Dylan Gambrell. 8:06 of 1st period - Shot Misses the Net. 8:18 of 1st period - Shot by Erik Gustafsson. 8:18 of 1st period - Goal by Erik Gustafsson - SPOKANE KNIGHTS : 0 - WINNIPEG BEAVERS : 2. 8:19 of 1st period - Sam Bennett wins face-off versus Shane Pinto in neutral zone. 8:23 of 1st period - Alexander DeBrincat is hit by Chad Ruhwedel and loses puck. 9:28 of 1st period - Shot by Brandon Tanev. 9:28 of 1st period - Goal by Brandon Tanev - SPOKANE KNIGHTS : 0 - WINNIPEG BEAVERS : 3. 9:29 of 1st period - Sean Kuraly wins face-off versus Nicklas Backstrom in neutral zone. 9:31 of 1st period - Off-side. 9:32 of 1st period - Derek Grant wins face-off versus Brandon Saad in neutral zone. 9:37 of 1st period - Shot by Brady Tkachuk. 9:37 of 1st period - Shot Misses the Net. 9:41 of 1st period - Shot by Brady Tkachuk. 9:41 of 1st period - Shot Misses the Net. 9:43 of 1st period - Shot by Nicklas Backstrom. 9:43 of 1st period - Shot Misses the Net. 9:45 of 1st period - Shot by Derek Grant. 9:45 of 1st period - Goal by Derek Grant - SPOKANE KNIGHTS : 1 - WINNIPEG BEAVERS : 3. 9:46 of 1st period - Matthew Nieto wins face-off versus Quinton Byfield in neutral zone. 10:08 of 1st period - Shot by Anthony Cirelli. 10:08 of 1st period - Deflect By Lias Andersson. 10:08 of 1st period - Stopped by Ville Husso without a rebound. 10:09 of 1st period - Brayden Schenn wins face-off versus Nicklas Backstrom in WINNIPEG BEAVERS zone. 10:44 of 1st period - Shot by Brayden Schenn. 10:44 of 1st period - Stopped by Frederik Andersen with a rebound. 10:46 of 1st period - Shot by Brandon Tanev. 10:46 of 1st period - Shot Misses the Net. 10:48 of 1st period - Shot by Erik Gustafsson. 10:48 of 1st period - Shot Blocked by Nicklas Backstrom. 11:08 of 1st period - Shot by Alexander DeBrincat. 11:08 of 1st period - Deflect By Jonathan Audy-Marchessault. 11:08 of 1st period - Shot Misses the Net. 11:10 of 1st period - Shot by Adam Larsson. 11:10 of 1st period - Stopped by Frederik Andersen with a rebound. 11:12 of 1st period - Shot by Alexander DeBrincat. 11:12 of 1st period - Stopped by Frederik Andersen without a rebound. 11:13 of 1st period - Sean Kuraly wins face-off versus Quinton Byfield in SPOKANE KNIGHTS zone. 11:28 of 1st period - Anthony Cirelli is hit by Sean Kuraly and loses puck. 11:32 of 1st period - Icing by Anthony Cirelli. 11:33 of 1st period - Sam Bennett wins face-off versus Quinton Byfield in SPOKANE KNIGHTS zone. 11:33 of 1st period - Sam Bennett is hit by Tucker Poolman. 11:58 of 1st period - Shot by Jonathan Audy-Marchessault. 11:58 of 1st period - Shot Misses the Net. 12:00 of 1st period - Shot by Jonathan Audy-Marchessault. 12:00 of 1st period - Shot Misses the Net. 12:02 of 1st period - Shot by Sam Bennett. 12:02 of 1st period - Stopped by Frederik Andersen without a rebound. 12:03 of 1st period - Brandon Saad wins face-off versus Anthony Duclair in SPOKANE KNIGHTS zone. 12:18 of 1st period - Shot by Brandon Tanev. 12:18 of 1st period - Shot Blocked by Chad Ruhwedel. 12:20 of 1st period - Shot by John Carlson. 12:20 of 1st period - Stopped by Frederik Andersen without a rebound. 12:21 of 1st period - Jonathan Audy-Marchessault wins face-off versus Shane Pinto in SPOKANE KNIGHTS zone. 12:41 of 1st period - Shot by Sam Bennett. 12:41 of 1st period - Stopped by Frederik Andersen without a rebound. 12:42 of 1st period - Sean Kuraly wins face-off versus Anthony Duclair in SPOKANE KNIGHTS zone. 13:02 of 1st period - Shot by Anthony Duclair. 13:02 of 1st period - Deflect By Dryden Hunt. 13:02 of 1st period - Stopped by Ville Husso with a rebound. 13:26 of 1st period - Shot by Quinton Byfield. 13:26 of 1st period - Shot Blocked by Sean Kuraly. 13:28 of 1st period - Shot by Anthony Cirelli. 13:28 of 1st period - Stopped by Ville Husso without a rebound. 13:29 of 1st period - Nicklas Backstrom wins face-off v